 Dungeon Crawl Stone Soup version 0.27-a0-1272-g7c8ad2e407 (webtiles) character file.

Game seed: 9976084143251227667

938 Froggeryz the Chopper (level 7, -3/55 HPs)
             Began as a Demonspawn Gladiator on June 11, 2021.
             Was a Follower of Okawaru.
             Slain by a wyvern (9 damage)
             ... on level 5 of the Dungeon.
             The game lasted 00:04:47 (6042 turns).

Froggeryz the Chopper (Demonspawn Gladiator)        Turns: 6042, Time: 00:04:48

Health: -3/55      AC: 10    Str: 17    XL:     7   Next: 87%
Magic:  7/7        EV: 10    Int:  9    God:    Okawaru [*.....]
Gold:   164        SH:  0    Dex: 17    Spells: 6/6 levels left

rFire    . . .     SeeInvis .   e - +0 short sword (venom)
rCold    . . .     Faith    .   (no shield)
rNeg     . . .     Spirit   .   v - +0 scale mail
rPois    .         Reflect  .   c - +0 helmet
rElec    .         Harm     .   (no cloak)
rCorr    .         Rampage  .   f - +0 pair of gloves {Dex+3}
Will     .....                  (no boots)
Stlth    ..........             (no amulet)
HPRegen  0.18/turn              (no ring)
MPRegen  0.20/turn              (no ring)

@: no status effects
A: claws 1, icy blue scales 1, powered by death 2, magic regeneration
a: Renounce Religion, Heroism


You were on level 5 of the Dungeon.
You worshipped Okawaru.
Okawaru was aware of your devotion.
You visited 2 branches of the dungeon, and saw 6 of its levels.

You collected 294 gold pieces.
You spent 130 gold pieces at shops.

Inventory:

Hand Weapons
 a - a +0 war axe
 e - a +0 short sword of venom (weapon)
Missiles
 d - 3 throwing nets
 h - 11 poisoned darts (quivered)
Armour
 c - a +0 helmet (worn)
 f - a +0 pair of gloves of dexterity (worn)
 v - a +0 scale mail (worn)
Wands
 g - a wand of iceblast (11)
Scrolls
 i - 3 scrolls of identify
 j - 2 scrolls of brand weapon
 l - a scroll of immolation {unknown}
 n - a scroll of enchant weapon {unknown}
 o - a scroll of vulnerability {unknown}
 t - a scroll of fear {unknown}
Potions
 k - a potion of flight {unknown}
 m - 2 potions of heal wounds
 p - a potion of attraction {unknown}
 q - a potion of mutation {unknown}
 r - a potion of invisibility {unknown}
 s - a potion of curing {unknown}
 u - a potion of lignification {unknown}


   Skills:
 + Level 4.4 Fighting
 * Level 7.5 Axes
 - Level 1.7 Throwing
 - Level 2.0 Armour
 - Level 2.6 Dodging


You had 6 spell levels left.
You didn't know any spells.
Your spell library was empty.

Dungeon Overview and Level Annotations

Branches:
Dungeon (5/15)             Temple (1/1) D:4

Altars:
Cheibriados
Elyvilon
Makhleb
Okawaru
Ru
Sif Muna
Trog
Vehumet
Yredelemnul
The Shining One

Shops:
D:3 !


Innate Abilities, Weirdness & Mutations

You have sharp fingernails.
You are partially covered in icy blue scales. (AC +2)
You regenerate health from kills.
You regenerate magic rapidly.


Message History

A wyvern is nearby!
A wyvern is nearby!
You hit the wyvern.
The wyvern is lightly wounded.
The wyvern closely misses you. x2
You closely miss the wyvern.
The wyvern is lightly wounded.
The wyvern misses you. The wyvern closely misses you.
You barely miss the wyvern.
The wyvern is lightly wounded.
The wyvern bites you but does no damage.
The wyvern bites you.
You barely miss the wyvern.
The wyvern bites you but does no damage.
You hit the wyvern but do no damage. The wyvern bites you.
The wyvern bites you but does no damage.
Your +0 short sword of venom begins to drip with poison!
e - a +0 short sword of venom (weapon)
The wyvern hisses menacingly.
The wyvern bites you but does no damage.
You hit the wyvern but do no damage.
The wyvern is poisoned.
The wyvern bites you!
You hit the wyvern.
The wyvern looks even sicker.
The wyvern is lightly wounded.
The wyvern closely misses you. x2
You completely miss the wyvern.
The wyvern is moderately wounded.
The wyvern bites you. x2
You hit the wyvern.
The wyvern is severely wounded.
The wyvern barely misses you. The wyvern bites you! The wyvern bites you.
* * * LOW HITPOINT WARNING * * *
The wyvern bites you!
* * * LOW HITPOINT WARNING * * *
You barely miss the wyvern.
The wyvern is almost dead.
The wyvern bites you!
You die...

#.....#........#...
#.....#........#..>
#.....#........#...
#.....#........#...
#.....#........#...
#.....#........#...
#.....#...###.##...
#.l...#...#........
#.@...###'#........
#.....'...+........
#<....#...#........
#.....#...#........
#.....#####.....##'
#.....#...#.....#..
#.....#...#.....#..
#.....'...#.....#..
#.....#...#.... #..


You could see a wyvern (poisoned).

Vanquished Creatures
  2 sky beasts
  A phantom (D:4)
  3 scorpions
  A water moccasin zombie (D:5)
  A howler monkey (D:5)
  A centaur zombie (D:5)
  2 jellies
  A hound (D:4)
  2 orc priests
  3 iguanas
  An orc wizard (D:4)
  3 gnolls (D:3)
  An adder (D:4)
  A worm (D:2)
  2 dart slugs (D:2)
  7 orcs
  6 ball pythons
  8 endoplasms
  4 giant cockroaches
  10 goblins
  2 hobgoblins
  2 jackals (D:3)
  5 quokkas
  5 bats
  5 frilled lizards
  11 kobolds
  4 rats
94 creatures vanquished.

Notes
Turn   | Place    | Note
-------+----------+-------------------------------------------
     0 | D:1      | Froggeryz the Demonspawn Gladiator began the quest for the
                  | Orb.
     0 | D:1      | Reached XP level 1. HP: 16/16 MP: 1/1
   146 | D:1      | Reached skill level 3 in Axes
   349 | D:1      | Gained mutation: You have sharp fingernails. [demonic
                  | ancestry]
   349 | D:1      | Reached XP level 2. HP: 22/22 MP: 2/2
   756 | D:1      | Found a faded altar of an unknown god.
  1054 | D:2      | Gained mutation: You are partially covered in icy blue
                  | scales. (AC +2) [demonic ancestry]
  1054 | D:2      | Reached XP level 3. HP: 14/27 MP: 3/3
  1378 | D:2      | Reached skill level 4 in Axes
  1951 | D:3      | Reached XP level 4. HP: 9/33 MP: 4/4
  2192 | D:3      | Reached skill level 1 in Armour
  2388 | D:3      | Found Ockel's Distillery.
  2403 | D:3      | Noticed a sky beast
  2420 | D:3      | Killed a sky beast
  2421 | D:3      | Reached skill level 5 in Axes
  2421 | D:3      | Gained mutation: You regenerate a little health from kills.
                  | [demonic ancestry]
  2421 | D:3      | Reached XP level 5. HP: 30/38 MP: 5/5
  2958 | D:3      | Found Aklepp's Book Boutique.
  3218 | D:3      | Bought a potion of heal wounds for 65 gold pieces
  3218 | D:3      | Bought a potion of heal wounds for 65 gold pieces
  3701 | D:4      | Gained mutation: You regenerate magic rapidly. [demonic
                  | ancestry]
  3701 | D:4      | Reached XP level 6. HP: 16/45 MP: 6/6
  3961 | D:4      | Found a staircase to the Ecumenical Temple.
  3962 | D:4      | Noticed a sky beast
  3972 | D:4      | Reached skill level 6 in Axes
  3980 | D:4      | Killed a sky beast
  3993 | Temple   | Entered the Ecumenical Temple
  4436 | D:4      | Gained mutation: You regenerate health from kills. [demonic
                  | ancestry]
  4436 | D:4      | Reached XP level 7. HP: 39/52 MP: 7/7
  5127 | D:4      | Found an iron altar of Okawaru.
  5135 | D:4      | Became a worshipper of Warmaster Okawaru
  5320 | D:5      | Entered Level 5 of the Dungeon
  5346 | D:5      | Reached skill level 7 in Axes
  5770 | D:5      | Reached * piety under Okawaru
  6024 | D:5      | Noticed a wyvern
  6042 | D:5      | Slain by a wyvern

Illustrated notes

Levels and vault maps discovered:
D:1:      lightli_arrival_farm, layout_loops_ring,
          hellmonk_ecumenical_altar_arch_garden
D:2:      layout_rooms, kennysheep_nub
D:3:      layout_basic, serial_shops, nicolae_shop_statue_plus,
          nicolae_shop_behind_doors
D:4:      layout_gridville, kennysheep_okawaru_gauntlet,
          minmay_temple_entry_sparse_star
D:5:      layout_gridville, minmay_misc_feat_chi, kennysheep_potato, uniq_pikel
Temple:   compressed_dpeg_triangle_lava_temple

Skill      XL: |  1  2  3  4  5  6  7 |
---------------+----------------------+-----
Axes           | 3 4 5 6 7 |  7.5
Armour         | 1 2 |  2.0
Fighting       | 3 4 |  4.4
Throwing       | |  1.7
Dodging        | |  2.6

Action                   |  1- 3 |  4- 6 |  7- 9 || total
-------------------------+-------+-------+-------++-------
Melee: War axe           |    13 |     8 |    78 ||    99
       Short sword       |   106 |    99 |     8 ||   213
Throw: Dart              |       |       |     5 ||     5
Evoke: Wand              |       |       |     1 ||     1
  Use: Scroll            |       |     1 |       ||     1
 Stab: Sleeping          |     4 |     1 |       ||     5
       Distracted        |       |       |     1 ||     1
Armor: Leather armour    |    43 |    45 |    42 ||   130
       Scale mail        |       |       |     4 ||     4
Dodge: Dodged            |    79 |    57 |    72 ||   208

Table legend: (Time is in decaauts)
 A = Elapsed time spent in this place.
 B = Non-inter-level travel time spent in this place.
 C = Inter-level travel time spent in this place.
 D = Time resting spent in this place.
 E = Time spent auto-exploring this place.
 F = Levels seen in this place.
 G = Mean time per level.
                   A        B        C        D        E       F      G
               +--------+--------+--------+--------+--------+-----+--------+
         Total |   6116 |   5827 |    289 |   1513 |   3520 |   6 | 1019.3 |
       Dungeon |   5792 |   5506 |    286 |   1513 |   3215 |   5 | 1158.4 |
        Temple |    323 |    320 |      3 |      0 |    305 |   1 |  323.0 |
               +--------+--------+--------+--------+--------+-----+--------+

Top non-repeatable levels by time:
     D:3: 1889 daAuts
     D:4: 1437 daAuts
     D:1: 999 daAuts
     D:2: 828 daAuts
     D:5: 638 daAuts
  Temple: 323 daAuts
